Match 45661487
Unlisted

Match 45661487
End
Construct Infanterie Kompanie
Selects Terror Battlegroup
Selects Machine Gun Camouflage
MG 42 Machine Gun Team
Grenadier Squad
GrW 34 Mortar Team
Grenadier Squad
Construct Panzergrenadier Kompanie
251 Medium Carrier
Medical Station
Pioneer Squad
Pak 40 Anti-tank Gun Team
Panzergrenadier Squad
Kettenkrad Recon Vehicle
Support Elements
251 Medium Carrier
StuG III G Assault Gun
Panzergrenadier Squad
Selects Interrogate
Selects Propaganda Leaflet Drop
Propaganda Leaflet Drop
星尘驱动
sittikorn.9197
muta999888
KOKOTIHLAVA
SamBlips
Araxiel
Shiweeee
Oncle-Hô
0
0

Comments sign in to comment!

No comments posted yet!